 Dungeon Crawl Stone Soup version 0.23.2 (webtiles) character file.

Game seed: 6319358456504803678

308 Illumine the Shield-Bearer (level 6, 0/52 HPs)
             Began as a Minotaur Fighter on Oct 10, 2019.
             Succumbed to a worker ant's poison
             ... on level 5 of the Dungeon.
             The game lasted 00:01:47 (1756 turns).

Illumine the Shield-Bearer (Minotaur Fighter)       Turns: 1756, Time: 00:01:47

Health: 0/52       AC: 11    Str: 23    XL:     6   Next: 17%
Magic:  5/5        EV:  8    Int:  5    God:
Gold:   125        SH: 10    Dex:  9    Spells: 5/5 levels left

rFire    . . .     SeeInvis .   a - +0 war axe
rCold    . . .     Gourm    .   c - +0 shield
rNeg     . . .     Faith    .   b - +0 scale mail
rPois    .         Spirit   .   (helmet restricted)
rElec    .         Reflect  .   k - +0 cloak
rCorr    .         Harm     .   e - +2 pair of gloves
MR       .....                  (no boots)
Stlth    ..........             (no amulet)
HPRegen  0.17/turn              (no ring)
MPRegen  0.09/turn              (no ring)

@: lethally poisoned (0 -> -1)
A: retaliatory headbutt, horns 2
a: no special abilities


You were on level 5 of the Dungeon.
You were hungry.

You visited 1 branch of the dungeon, and saw 5 of its levels.

You collected 125 gold pieces.

Inventory:

Hand Weapons
 a - a +0 war axe (weapon)
Armour
 b - a +0 scale mail (worn)
 c - a +0 shield (worn)
 e - a +2 pair of gloves (worn)
 k - a +0 cloak (worn)
Jewellery
 o - an uncursed ring of ice {unknown}
Wands
 q - a wand of polymorph (4)
 v - a wand of disintegration (19)
Scrolls
 h - 4 scrolls of identify {unknown}
 i - 3 scrolls of teleportation {unknown}
 j - 4 scrolls of remove curse {unknown}
 l - 2 scrolls of blinking {unknown}
 m - a scroll of enchant weapon {unknown}
 s - a scroll of enchant armour {unknown}
 x - a scroll of fog {unknown}
Potions
 d - a potion of might
 g - a potion of heal wounds
 n - a potion of invisibility {unknown}
 p - a potion of curing {unknown}
 r - a potion of ambrosia {unknown}
 t - a potion of lignification {unknown}
 u - a potion of magic {unknown}
 w - a potion of flight {unknown}
 A - a potion of brilliance {unknown}
Comestibles
 f - 6 rations


   Skills:
 - Level 3.7 Fighting
 + Level 5.7 Axes
 - Level 3.7 Armour
 + Level 6.4 Shields


You had 5 spell levels left.
You didn't know any spells.
Your spell library was empty.

Dungeon Overview and Level Annotations

Branches:
Dungeon (5/15)
 Temple: D:4-7

Altars:
Kikubaaqudgha


Innate Abilities, Weirdness & Mutations

You reflexively headbutt those who attack you in melee.
You have a pair of horns on your head.


Message History

Something hits you.
* * * LOW HITPOINT WARNING * * *
Something shocks you.
* * * LOW HITPOINT WARNING * * *
Found a stone staircase leading down.
* * * LOW HITPOINT WARNING * * *
You feel sick.
It was a potion of heal wounds.
You feel much better. You block something's attack.
A jackal zombie comes into view.
You feel sick. Something hits you.
* * * LOW HITPOINT WARNING * * *
Something shocks you.
* * * LOW HITPOINT WARNING * * *
Something hits you.
* * * LOW HITPOINT WARNING * * *
Something shocks you.
* * * LOW HITPOINT WARNING * * *
A jelly comes into view.
You die...

...#.a...........#^..
.......#./....J...... .
.......#...............
.......##..............
#...#..........###....
#...............#.....
#.#....#.........#
#..<.#.........#
##....@##......#
##.....{......#
###.....Z..#....
#........##....
####..#..# ....
#....... ... .........
.. ##......#..
####..####


You could see a jelly (wandering) and a jackal zombie.

Vanquished Creatures
  A phantom (D:4)
  A hound (D:4)
  Crazy Yiuf (D:4)
  Jessica (D:2)
  2 worker ants (D:5)
  3 adders
  An ooze (D:3)
  2 worms (D:3)
  2 dart slugs
  3 leopard geckos
  3 ball pythons
  5 bats
  2 giant cockroaches (D:1)
  3 goblins
  4 hobgoblins
  7 jackals (D:2)
  2 frilled lizards (D:2)
  7 kobolds
  3 rats
53 creatures vanquished.

Notes
Turn   | Place    | Note
-------+----------+-------------------------------------------
     0 | D:1      | Illumine the Minotaur Fighter began the quest for the Orb.
     0 | D:1      | Reached XP level 1. HP: 19/19 MP: 0/0
   200 | D:1      | Reached skill level 4 in Shields
   200 | D:1      | Reached XP level 2. HP: 27/27 MP: 1/1
   792 | D:2      | Reached XP level 3. HP: 33/33 MP: 2/2
   937 | D:2      | Noticed Jessica
   945 | D:2      | Killed Jessica
   945 | D:2      | Reached skill level 5 in Shields
   945 | D:2      | Reached XP level 4. HP: 28/40 MP: 3/3
  1242 | D:4      | Found an ancient bone altar of Kikubaaqudgha.
  1266 | D:4      | Noticed a phantom
  1295 | D:4      | Killed a phantom
  1295 | D:4      | Reached skill level 5 in Axes
  1295 | D:4      | Reached XP level 5. HP: 37/46 MP: 4/4
  1385 | D:4      | Reached skill level 6 in Shields
  1684 | D:4      | Found a runed translucent door.
  1685 | D:4      | Noticed Crazy Yiuf
  1692 | D:4      | Killed Crazy Yiuf
  1723 | D:5      | Entered Level 5 of the Dungeon
  1729 | D:5      | Noticed a sky beast
  1737 | D:5      | Reached XP level 6. HP: 30/52 MP: 5/5
  1746 | D:5      | HP: 2/52 [something (5)]
  1754 | D:5      | HP: 1/52 [something (5)]
  1756 | D:5      | Succumbed to a worker ant's poison

Skill      XL: |  1  2  3  4  5 |
---------------+----------------+-----
Shields        | 4 5 6 |  6.4
Axes           | 3 4 5 |  5.7
Fighting       | |  3.7
Armour         | |  3.7

Action                   |  1- 3 |  4- 6 || total
-------------------------+-------+-------++-------
Melee: War axe           |    85 |    66 ||   151
       Headbutt          |     8 |    12 ||    20
  Use: Potion            |       |     1 ||     1
  Eat: Chunk             |       |     2 ||     2
Armor: Scale mail        |    47 |    35 ||    82
Dodge: Dodged            |    34 |    22 ||    56
Block: Shield            |    55 |    39 ||    94
